 Dungeon Sprint DCSS version 0.26-a0-752-gcff87cac9a (webtiles) character file.

Game seed: 1167466767251874468

634 sahdkjhfkaj the Carver (level 7, -11/63 HPs)
             Began as a Gnoll Chaos Knight on Nov 6, 2020.
             Was a Plaything of Xom.
             Splashed by an acid dragon's acid (14 damage)
             ... in the Dungeon (Sprint IX: "|||||||||||||||||||||||||||||").
             The game lasted 00:00:41 (266 turns).

sahdkjhfkaj the Carver (Gnoll Chaos Knight)          Turns: 266, Time: 00:00:41

Health: -11/63     AC: 10    Str: 16    XL:     7   Next: 49%
Magic:  15/15      EV: 10    Int: 17    God:    Xom [.*....]
Gold:   0          SH:  0    Dex: 15    Spells: 17/17 levels left

rFire    . . .     SeeInvis .   m - +2 scimitar (flame)
rCold    . . .     Faith    .   (no shield)
rNeg     . . .     Spirit   .   p - +1 chain mail
rPois    .         Reflect  .   (no helmet)
rElec    .         Harm     .   a - +0 cloak
rCorr    .         Rampage  .   (no gloves)
MR       .....     NoTele   +   (no boots)
Stlth    ..........             (no amulet)
HPRegen  0.20/turn              n - +2 ring of protection
MPRegen  0.14/turn              o - +3 ring of intelligence

@: corroded, slowed, very slow
A: distributed training, fangs 1, strong nose
a: Renounce Religion


You were in the Dungeon.
You worshipped Xom.
You were a plaything of Xom.
You visited 1 branch

Inventory:

Hand Weapons
 m - a +2 scimitar of flaming (weapon)
Armour
 a - a +0 cloak (worn)
 p - a +1 chain mail (worn)
Jewellery
 n - a +2 ring of protection (left hand)
 o - a +3 ring of intelligence (right hand)
Wands
 l - a wand of iceblast (10)
Scrolls
 h - 2 scrolls of blinking {!r}
 j - 3 scrolls of remove curse {!r}
 k - 2 scrolls of amnesia {!r}
Potions
 c - 5 potions of curing {!q}
 d - 2 potions of heal wounds {!q}
 e - a potion of haste {!q}
 f - 4 potions of magic {!q}
 g - a potion of berserk rage {!q}
 i - a potion of invisibility {!q}


   Skills:
 + Level 8.7 Fighting
 + Level 5.6 Short Blades
 + Level 8.7 Long Blades
 + Level 5.6 Axes
 + Level 5.6 Maces & Flails
 + Level 5.6 Polearms
 + Level 5.6 Staves
 + Level 5.6 Slings
 + Level 5.6 Bows
 + Level 5.6 Crossbows
 + Level 5.6 Throwing
 + Level 7.3 Armour
 + Level 6.2 Dodging
 + Level 5.6 Stealth
 + Level 5.6 Shields
 + Level 5.6 Unarmed Combat
 + Level 5.6 Spellcasting
 + Level 4.6 Conjurations
 + Level 4.6 Hexes
 + Level 4.6 Summonings
 + Level 4.6 Necromancy
 + Level 4.6 Translocations
 + Level 4.6 Transmutations
 + Level 4.6 Fire Magic
 + Level 4.6 Ice Magic
 + Level 4.6 Air Magic
 + Level 4.6 Earth Magic
 + Level 4.6 Poison Magic
 + Level 6.1 Invocations
 + Level 5.6 Evocations


You had 17 spell levels left.
You didn't know any spells.
Your spell library was empty.

Dungeon Overview and Level Annotations

Branches:
Dungeon (1/1)

Altars:
Cheibriados
Dithmenos
Elyvilon
Fedhas
Gozag
Hepliaklqana
Kikubaaqudgha
Makhleb
Nemelex Xobeh
Okawaru
Qazlal
Ru
Sif Muna
Trog
Uskayaw
Vehumet
Wu Jian
Xom
Yredelemnul
Zin
The Shining One
Beogh
Jiyva
Lugonu


Innate Abilities, Weirdness & Mutations

Your experience applies equally to all skills.
You have very sharp teeth.
Your uncanny sense of smell can sniff out nearby items.


Message History

You slash the wraith! You burn the wraith.
The wraith is heavily damaged.
The acid dragon barely misses you. The acid dragon closely misses you.
The wraith hits you.
* * * LOW HITPOINT WARNING * * *
The wraith drains your vigour!
You feel yourself slow down.
You hit the acid dragon. You burn the acid dragon.
The acid dragon is lightly wounded.
The wraith hits you.
* * * LOW HITPOINT WARNING * * *
The wraith drains your vigour!
You feel as though you will be slow longer.
The acid dragon spits acid at you. The splash of acid hits you!
* * * LOW HITPOINT WARNING * * *
You emit a cloud of colourful smoke!
You are splashed with acid!
You die...
Xom guffaws!

* ,, ,,,+ ,, ∩,∩,∩,∩ , ,,
******* * * *** * **** *,
,, ,,,,,,,,,,, , ,,,,,, *,
*** *** **** ****** ** *,,,
+,,∆∆∆∆,∆+∆∆∆∆, , , ** * *
*** **** * ** ** * ,
,,,,,,,,, , , ,, ,,
,**▓▓▓▓▓▓▓▓▓▓▓▓▓▓▓▓▓▓▓▓▓▓▓▓
,,+....ZZW@D§§§)'..[[.()..'
**▓▓▓▓▓▓▓▓▓▓▓▓▓▓▓▓▓▓▓▓▓▓▓▓


You could see a wraith, an acid dragon (catching breath), a quokka zombie and an
adder skeleton.

Vanquished Creatures
  A vampire mosquito (D)
  A soldier ant (D)
  2 centaurs (D)
  An ogre (D)
  A howler monkey (D)
  An orc wizard (D)
  An adder skeleton (D)
  A leopard gecko (D)
  An orc (D)
  A hobgoblin (D)
  2 quokkas (D)
  A bat (D)
  2 kobolds (D)
  A rat (D)
17 creatures vanquished.

Vanquished Creatures (others)
  A sky beast (D)
1 creature vanquished.

Grand Total: 18 creatures vanquished

Notes
Turn   | Place    | Note
-------+----------+-------------------------------------------
     0 | D        | sahdkjhfkaj the Gnoll Chaos Knight began the quest for the
                  | Orb.
     0 | D        | Reached XP level 1. HP: 23/23 MP: 1/1
     2 | D        | Banished a spatial maelstrom
    19 | D        | Reached skill level 1 in Invocations
    19 | D        | XOM: potion effect (might)
    72 | D        | Noticed an ogre
    72 | D        | Noticed a howler monkey
    75 | D        | XOM: potion effect (haste)
    76 | D        | Killed a howler monkey
    76 | D        | Reached skill level 5 in Armour
    76 | D        | Reached skill level 1 in Conjurations
    76 | D        | Reached skill level 1 in Hexes
    76 | D        | Reached skill level 1 in Summonings
    76 | D        | Reached skill level 1 in Necromancy
    76 | D        | Reached skill level 1 in Translocations
    76 | D        | Reached skill level 1 in Transmutations
    76 | D        | Reached skill level 1 in Fire Magic
    76 | D        | Reached skill level 1 in Ice Magic
    76 | D        | Reached skill level 1 in Air Magic
    76 | D        | Reached skill level 1 in Earth Magic
    76 | D        | Reached skill level 1 in Poison Magic
    76 | D        | Reached XP level 2. HP: 26/29 MP: 3/5
    76 | D        | Reached XP level 3. HP: 32/35 MP: 3/6
    77 | D        | XOM: silly message
    79 | D        | XOM: potion effect (berserk rage)
    83 | D        | Killed an ogre
    83 | D        | Reached XP level 4. HP: 43/43 MP: 3/8
    83 | D        | Reached XP level 5. HP: 48/48 MP: 3/9
   101 | D        | Found a roughly hewn altar of Beogh.
   101 | D        | Found a snail-covered altar of Cheibriados.
   101 | D        | Found a shadowy altar of Dithmenos.
   101 | D        | Found a white marble altar of Elyvilon.
   101 | D        | Found a blossoming altar of Fedhas.
   101 | D        | Found an opulent altar of Gozag.
   104 | D        | Found a hazy altar of Hepliaklqana.
   105 | D        | Found a viscous altar of Jiyva.
   116 | D        | Found an ancient bone altar of Kikubaaqudgha.
   122 | D        | Found a corrupted altar of Lugonu.
   129 | D        | Found a burning altar of Makhleb.
   130 | D        | Found a sparkling altar of Nemelex Xobeh.
   138 | D        | Found an iron altar of Okawaru.
   139 | D        | Found a stormy altar of Qazlal.
   140 | D        | Found a sacrificial altar of Ru.
   141 | D        | Found a shimmering blue altar of Sif Muna.
   142 | D        | Found a bloodstained altar of Trog.
   143 | D        | Found a hide-covered altar of Uskayaw.
   144 | D        | Found a radiant altar of Vehumet.
   145 | D        | Found an ornate altar of the Wu Jian Council.
   146 | D        | Found a shimmering altar of Xom.
   147 | D        | Found a basalt altar of Yredelemnul.
   148 | D        | Found a glowing silver altar of Zin.
   149 | D        | Found a glowing golden altar of the Shining One.
   166 | D        | XOM: silly message
   204 | D        | Noticed a sky beast
   204 | D        | Noticed a centaur
   204 | D        | Noticed a centaur
   208 | D        | Killed a centaur
   214 | D        | Killed a centaur
   214 | D        | Reached skill level 5 in Dodging
   214 | D        | Reached XP level 6. HP: 51/56 MP: 9/12
   216 | D        | Killed a sky beast
   216 | D        | Reached skill level 5 in Invocations
   240 | D        | Noticed a wraith
   240 | D        | Noticed an acid dragon
   240 | D        | Noticed a vampire mosquito
   240 | D        | Noticed a soldier ant
   240 | D        | XOM: potion effect (heal wounds)
   244 | D        | XOM: noise
   250 | D        | Killed a soldier ant
   250 | D        | Reached skill level 5 in Short Blades
   250 | D        | Reached skill level 5 in Axes
   250 | D        | Reached skill level 5 in Maces & Flails
   250 | D        | Reached skill level 5 in Polearms
   250 | D        | Reached skill level 5 in Staves
   250 | D        | Reached skill level 5 in Slings
   250 | D        | Reached skill level 5 in Bows
   250 | D        | Reached skill level 5 in Crossbows
   250 | D        | Reached skill level 5 in Throwing
   250 | D        | Reached skill level 5 in Stealth
   250 | D        | Reached skill level 5 in Shields
   250 | D        | Reached skill level 5 in Unarmed Combat
   250 | D        | Reached skill level 5 in Spellcasting
   250 | D        | Reached skill level 5 in Evocations
   250 | D        | Reached XP level 7. HP: 63/63 MP: 14/14
   254 | D        | XOM: divination: magic mapping
   255 | D        | Killed a vampire mosquito
   258 | D        | XOM: cast spell 'Dispersal'
   266 | D        | HP: 3/63 [acid dragon/splash of acid (12)]
   266 | D        | XOM: smoke on damage
   266 | D        | Splashed by an acid dragon's acid

Illustrated notes

Levels and vault maps discovered:
D:        linesprint [early_d, line_temple, items_1, d_10, items_2, lair_1,
          lair_end, items_3, orc_1, orc_end, items_4, d_15, swamp_1, shoals_1,
          snake_1, spider_1, d_20, vaults_1, items_5, swamp_end, shoals_end,
          snake_end, spider_end, vaults_end, d_27, items_6, zot_1, zot_end,
          crypt_end, forest_end, elf_end, slime_end, tomb_end, abyss_end,
          pan_hell_end]

Skill      XL: |  1  2  3  4  5  6  7 |
---------------+----------------------+-----
Invocations    | 2 3 4 5 6 |  6.1
Short Blades   | 2 3 4 5 |  5.6
Axes           | 2 3 4 5 |  5.6
Maces & Flails | 2 3 4 5 |  5.6
Polearms       | 2 3 4 5 |  5.6
Staves         | 2 3 4 5 |  5.6
Slings         | 2 3 4 5 |  5.6
Bows           | 2 3 4 5 |  5.6
Crossbows      | 2 3 4 5 |  5.6
Throwing       | 2 3 4 5 |  5.6
Armour         | 5 6 7 |  7.3
Dodging        | 3 4 5 6 |  6.2
Stealth        | 2 3 4 5 |  5.6
Shields        | 2 3 4 5 |  5.6
Unarmed Combat | 2 3 4 5 |  5.6
Spellcasting   | 2 3 4 5 |  5.6
Conjurations   | 1 2 3 4 |  4.6
Hexes          | 1 2 3 4 |  4.6
Summonings     | 1 2 3 4 |  4.6
Necromancy     | 1 2 3 4 |  4.6
Translocations | 1 2 3 4 |  4.6
Transmutations | 1 2 3 4 |  4.6
Fire Magic     | 1 2 3 4 |  4.6
Ice Magic      | 1 2 3 4 |  4.6
Air Magic      | 1 2 3 4 |  4.6
Earth Magic    | 1 2 3 4 |  4.6
Poison Magic   | 1 2 3 4 |  4.6
Evocations     | 2 3 4 5 |  5.6
Fighting       | 7 8 |  8.7
Long Blades    | 7 8 |  8.7

Action                   |  1- 3 |  4- 6 |  7- 9 || total
-------------------------+-------+-------+-------++-------
Melee: Falchion          |    27 |     3 |       ||    30
       Bite              |     3 |     5 |     1 ||     9
       Scimitar          |       |    24 |    15 ||    39
  Use: Potion            |       |       |     1 ||     1
Armor: Leather armour    |    10 |       |       ||    10
       Chain mail        |       |    17 |     6 ||    23
Dodge: Dodged            |    10 |     9 |    10 ||    29
       Rpst.: Falchion   |     2 |       |       ||     2
       Scimitar          |       |     5 |     1 ||     6

Table legend: (Time is in decaauts)
 A = Elapsed time spent in this place.
 B = Non-inter-level travel time spent in this place.
 C = Inter-level travel time spent in this place.
 D = Time resting spent in this place.
 E = Time spent auto-exploring this place.
 F = Levels seen in this place.
 G = Mean time per level.
                   A        B        C        D        E       F      G
               +--------+--------+--------+--------+--------+-----+--------+
         Total |    256 |    256 |      0 |     97 |      3 |   1 |  256.0 |
       Dungeon |    256 |    256 |      0 |     97 |      3 |   1 |  256.0 |
               +--------+--------+--------+--------+--------+-----+--------+

Top non-repeatable levels by time:
       D: 256 daAuts
